 Dungeon Crawl Stone Soup version 0.21-a0-200-gb89f83b (webtiles) character file.

318 tof the Twirler (level 6, 0/45 HPs)
             Began as a Minotaur Gladiator on Aug 16, 2017.
             Was a Follower of Hepliaklqana.
             Slain by a bullfrog (4 damage)
             ... in a sewer.
             The game lasted 00:07:32 (2432 turns).

tof the Twirler (Minotaur Gladiator)                Turns: 2432, Time: 00:07:33

Health: 0/45       AC:  5    Str: 19    XL:     6   Next: 21%
Magic:  5/5        EV: 13    Int:  5    God:    Hepliaklqana [*.....]
Gold:   129        SH:  0    Dex: 13    Spells: 3/5 levels left

rFire    . . .     SeeInvis +   a - +0 quarterstaff
rCold    . . .     Gourm    .   (shield currently unavailable)
rNeg     . . .     Faith    .   w - +0 ring mail (curse)
rPois    .         Spirit   .   c - +0 hat
rElec    .         Reflect  .   (no cloak)
rCorr    +         Harm     .   (no gloves)
MR       .....                  (no boots)
Stlth    +.........             h - amulet of rage
HPRegen  0.15/turn              B - ring of see invisible
MPRegen  0.09/turn              y - ring of resist corrosion

@: lethally poisoned (0 -> -2), very slow
A: retaliatory headbutt, reduced essence, horns 2
a: Recall Ancestor, Ancestor Identity, Renounce Religion, Evoke Berserk Rage


You were in a sewer.
You worshipped Hepliaklqana.
Hepliaklqana was aware of your devotion.
You were not hungry.

You visited 1 branch of the dungeon, and saw 3 of its levels.
You also visited: Sewer.

You collected 129 gold pieces.

Inventory:

Hand Weapons
 a - a +0 quarterstaff (weapon)
 u - a +0 blowgun
Missiles
 d - 3 throwing nets (quivered)
 v - 4 poisoned needles
Armour
 c - a +0 hat (worn)
 g - a +0 ring mail
 w - a cursed +0 ring mail (worn)
Jewellery
 h - an amulet of rage (around neck)
 i - a +4 ring of intelligence
 l - an uncursed ring of flight
 y - a ring of resist corrosion (right hand)
 B - a ring of see invisible (left hand)
Scrolls
 e - a scroll of random uselessness {unknown}
 j - 5 scrolls of remove curse {unknown}
 k - 3 scrolls of teleportation {unknown}
 m - a scroll of magic mapping {unknown}
 n - a scroll of immolation {unknown}
 q - 4 scrolls of identify {unknown}
 C - a scroll of recharging {unknown}
 D - a scroll of fog {unknown}
Potions
 b - a potion of mutation {unknown}
 o - 2 potions of curing {unknown}
 r - a potion of heal wounds {unknown}
 t - a potion of resistance {unknown}
 x - a potion of cancellation {unknown}
 z - 2 potions of might {unknown}
 A - a potion of magic {unknown}
Books
 s - Jessica's Reference Book on Execration
   (You found it on level 2 of the Dungeon)

   Spells                             Type                      Level
   a - Slow                           Hexes                        2
Comestibles
 f - 3 bread rations
 p - 8 chunks of flesh


   Skills:
 + Level 3.6 Fighting
 * Level 5.2 Staves
 + Level 3.0 Throwing
 * Level 3.7 Armour
 + Level 4.4 Dodging


You had 3 spell levels left.
You knew the following spells:

 Your Spells              Type           Power        Failure   Level  Hunger
a - Slow                  Hex            #.......     80%         2    ###....


Dungeon Overview and Level Annotations

Branches:
Dungeon (3/15)

Altars:
Hepliaklqana


Innate Abilities, Weirdness & Mutations

You reflexively headbutt those who attack you in melee.
You have a pair of horns on your head.
Your life essence is reduced to manifest your ancestor. (-10% HP)


Message History

You escape the ball python's grasp.
The bullfrog misses you.
The ball python bites you but does no damage.
The ball python barely misses you. The adder bites you.
* * * LOW HITPOINT WARNING * * *
You are poisoned.
The adder poisons you! The ball python misses you. You furiously retaliate!
You headbutt the ball python!
You kill the ball python!
The bullfrog hits you.
* * * LOW HITPOINT WARNING * * *
You feel sick. The adder misses you. The bullfrog barely misses you.
The adder misses you. You furiously retaliate!
You headbutt the adder!
You kill the adder!
The ball python closely misses you. The ball python grabs you.
* * * LOW HITPOINT WARNING * * *
The ball python constricts you.
Okay, then.
Okay, then.
You escape the ball python's grasp.
The bullfrog hits you.
You die...

##### ####...####
####.........####
##...............##
#.........#.......#
##......##'##......##
#......##..###......#
##..≈.###..# ##≈÷≈.##
#≈≈≈@≈≈##### #†≈≈≈≈≈#
#≈≈≈FS≈# #≈†≈≈≈≈#
#≈≈S≈≈≈# #≈≈≈≈≈≈#
#≈≈†≈≈≈# #≈≈≈≈≈≈#
#≈≈≈≈≈≈# #≈≈≈≈≈≈#
#≈≈≈≈≈≈# #≈.≈≈.##
#≈≈≈≈≈≈# #≈...≈≈#
#≈.≈≈≈≈# #≈≈.≈≈##
#≈.≈≈≈≈# #≈≈≈≈≈≈#


You could see a bullfrog and 2 ball pythons.

Vanquished Creatures
  A bullfrog (Sewer)
  Jessica (D:2)
  3 gnolls (D:3)
  5 adders
  2 river rats (Sewer)
  2 oozes
  A worm (D:2)
  4 dart slugs
  4 leopard geckos
  9 ball pythons
  6 giant cockroaches
  3 hobgoblins (D:1)
  2 jackals (D:2)
  3 frilled lizards
  7 goblins
  9 kobolds
  20 rats
82 creatures vanquished.

Vanquished Creatures (collateral kills)
  A gnoll (D:3)
  2 river rats (Sewer)
  A dart slug (D:2)
  A leopard gecko (D:3)
  2 ball pythons (Sewer)
  A giant cockroach (D:3)
  A quokka (D:2)
  A frilled lizard (Sewer)
  10 rats (Sewer)
20 creatures vanquished.

Vanquished Creatures (others)
  An ancestor (Sewer)
1 creature vanquished.

Grand Total: 103 creatures vanquished

Notes
Turn   | Place    | Note
-------+----------+-------------------------------------------
     0 | D:1      | tof the Minotaur Gladiator began the quest for the Orb.
     0 | D:1      | Reached XP level 1. HP: 18/18 MP: 0/0
   275 | D:1      | Reached XP level 2. HP: 21/25 MP: 1/1
   369 | D:1      | Reached skill level 1 in Armour
   654 | D:1      | Reached XP level 3. HP: 28/30 MP: 2/2
  1048 | D:2      | Reached skill level 4 in Staves
  1083 | D:2      | Found a hazy altar of Hepliaklqana.
  1103 | D:2      | Became a worshipper of Hepliaklqana the Forgotten
  1253 | D:2      | Noticed Jessica
  1260 | D:2      | Killed Jessica
  1260 | D:2      | Reached XP level 4. HP: 20/34 MP: 3/3
  1389 | D:2      | Identified Jessica's Reference Book on Execration
  1430 | D:2      | Learned a level 2 spell: Slow
  1797 | D:3      | Reached XP level 5. HP: 16/40 MP: 4/4
  1822 | D:3      | Reached * piety under Hepliaklqana
  1847 | D:3      | Found a glowing drain.
  1871 | Sewer    | Entered a sewer
  2313 | Sewer    | Reached skill level 5 in Staves
  2428 | Sewer    | Reached XP level 6. HP: 21/45 MP: 5/5
  2432 | Sewer    | Slain by a bullfrog

Vault maps used:
D:1:      minmay_arrival_diagonal_passages, minivault_24, hex_medium
D:2:      lemuel_doored_altar, kennysheep_jessica_study
D:3:      gup_sewer_entry_pipe, hangedman_ru_absence
Sewer:    sewer_minmay_w

Skill      XL: |  1  2  3  4  5 |
---------------+----------------+-----
Armour         | 1 2 3 |  3.7
Staves         | 4 5 |  5.2
Fighting       | 3 |  3.6
Dodging        | 4 |  4.4
Throwing       | 3 |  3.0

Action                   |  1- 3 |  4- 6 || total
-------------------------+-------+-------++-------
Melee: Quarterstaff      |    73 |    93 ||   166
       Headbutt          |    12 |    11 ||    23
  Eat: Chunk             |     1 |     4 ||     5
Armor: Leather armour    |     7 |       ||     7
       Ring mail         |     9 |    49 ||    58
Dodge: Dodged            |    45 |   107 ||   152
